 Dungeon Crawl Stone Soup version 0.28-a0-1130-gc51a68064b (webtiles) character file.

Game seed: 4498146695373435191

13440 ducksouse the Blocker (level 11, -5/79 HPs)
             Began as a Minotaur Fighter on Dec 12, 2021.
             Was an Elder of Ashenzari.
             Slain by a thrashing horror (7 damage)
             ... on level 2 of the Abyss.
             The game lasted 00:48:36 (10472 turns).

ducksouse the Blocker (Minotaur Fighter)           Turns: 10472, Time: 00:48:38

Health: -5/79      AC:  6    Str: 28      XL:     11   Next: 75%
Magic:  10/10      EV: 12    Int:  5      God:    Ashenzari [****..]
Gold:   373        SH:  6    Dex:  6 (7)  Spells: 11/11 levels left

rFire   . . .      SeeInvis +   F - +4 spear of Ashenzari's Scepticism {speed, Str+2, Melee, Range} (curse)
rCold   + . .      Faith    .   c - +0 buckler
rNeg    . . .      Spirit   .   t - +2 plate armour "Augurer of Ashenzari" {rC+, Elem, Cun} (curse)
rPois   .          Reflect  .   (helmet restricted)
rElec   .          Harm     .   V - +0 cloak of Ashenzari's Mistrust {Elem, Range} (curse)
rCorr   .          Rampage  .   d - +0 pair of gloves
Will    .....      Clarity  +   x - +0 pair of boots of the Unveiling Stars {Alch, Self} (curse)
Stlth   ..........              H - amulet "Ensconced Together" {Regen+, Self, Comp} (curse)
HPRegen 1.03/turn               e - ring of the Pangnostic Vision {SInv, Bglg, Cun} (curse)
MPRegen 0.12/turn               W - +4 ring of evasion

@: corroded, studying Polearms
A: horns 2, retaliatory headbutt, clumsy 1, [berserk 2], [deterioration 2],
[frail 3], [screaming 2], [subdued magic 2]
a: Renounce Religion, Shatter the Chains


You were on level 2 of the Abyss.
You worshipped Ashenzari.
Ashenzari was greatly pleased with you.
You visited 3 branches of the dungeon, and saw 12 of its levels.
You visited the Abyss 1 time.

You collected 490 gold pieces.
You spent 117 gold pieces at shops.

Inventory:

Hand Weapons
 y - a +2 flail of holy wrath
 A - a +3 long sword of holy wrath
 F - the cursed +4 spear of Ashenzari's Scepticism (weapon) {speed, Str+2, Melee, Range}
   (You found it on level 6 of the Dungeon)

   Attacks with this weapon are significantly faster.
   Str:       It affects your strength (+2).
   It has a curse which improves the following skills: Melee Combat: Short
   Blades, Long Blades, Axes, Maces & Flails, Polearms, Staves and Unarmed
   Combat.
   Ranged Combat: Slings, Bows, Crossbows and Throwing.
 P - a +0 triple sword of flaming
 Q - a +2 arbalest of freezing
 Y - the +6 dagger of Agony {vorpal, rElec rN+ rCorr}
   (You found it on level 9 of the Dungeon)

   It inflicts extra damage upon your enemies.
   rElec:     It insulates you from electricity.
   rN:        It protects you from negative energy.
   rCorr:     It protects you from acid and corrosion.
Missiles
 O - 4 throwing nets
 Z - 3 javelins
Armour
 c - a +0 buckler (worn)
 d - a +0 pair of gloves (worn)
 t - the cursed +2 plate armour "Augurer of Ashenzari" (worn) {rC+, Elem, Cun}
   (You found it on level 6 of the Dungeon)

   It has a curse which improves the following skills: Elements: Fire Magic, Ice
   Magic, Air Magic and Earth Magic.
   Cunning:   Dodging and Stealth.
 u - a +1 plate armour
 x - the cursed +0 pair of boots of the Unveiling Stars (worn) {Alch, Self}
   (You found it on level 9 of the Dungeon)

   It has a curse which improves the following skills: Alchemy: Poison Magic and
   Transmutations.
   Introspection: Fighting and Spellcasting.
 V - the cursed +0 cloak of Ashenzari's Mistrust (worn) {Elem, Range}
   (You found it on level 1 of the Lair of Beasts)

   It has a curse which improves the following skills: Elements: Fire Magic, Ice
   Magic, Air Magic and Earth Magic.
   Ranged Combat: Slings, Bows, Crossbows and Throwing.
Jewellery
 e - the cursed ring of the Pangnostic Vision (left hand) {SInv, Bglg, Cun}
   (You found it on level 1 of the Dungeon)

   [ring of see invisible]

   SInv:      It lets you see invisible.
   It has a curse which improves the following skills: Beguiling: Conjurations,
   Hexes and Translocations.
   Cunning:   Dodging and Stealth.
 H - the cursed amulet "Ensconced Together" (around neck) {Regen+, Self, Comp}
   (You found it on level 7 of the Dungeon)

   [amulet of regeneration]

   Regen:     It increases your rate of health regeneration.
   It has a curse which improves the following skills: Introspection: Fighting
   and Spellcasting.
   Companions: Summonings and Necromancy.
 M - a ring of resist corrosion
 N - a ring of protection from cold
 T - a ring of fire
 W - a +4 ring of evasion (right hand)
Wands
 i - a wand of flame (46) (quivered)
 j - a wand of paralysis (4)
 B - a wand of digging (5)
 C - a wand of iceblast (9)
 I - a wand of polymorph (6)
 L - a wand of acid (10)
Scrolls
 f - a scroll of noise
 g - 4 scrolls of teleportation
 h - 3 scrolls of amnesia
 n - 5 scrolls of brand weapon
 p - 2 scrolls of vulnerability
 q - 3 scrolls of fog
 v - a scroll of fear
 z - a scroll of immolation
 D - a scroll of silence
 K - a scroll of holy word
Potions
 a - a potion of haste
 k - 2 potions of berserk rage
 l - 3 potions of attraction
 m - 3 potions of mutation
 o - a potion of lignification
 r - 2 potions of might
 s - a potion of ambrosia
 E - 2 potions of cancellation
 G - a potion of brilliance
 X - 2 potions of resistance


   Skills:
 + Level 11.9(15.5) Fighting
 - Level 6.1(8.5) Long Blades
 - Level 2.9(4.9) Maces & Flails
 - Level 9.7(12.0) Polearms
 + Level 12.0 Armour
 + Level 12.0 Shields


You had 11 spell levels left.
You didn't know any spells.
Your spell library contained the following spells:

 Spells                   Type           Power      Damage    Failure   Level
 Beastly Appendage        Tmut           0%         N/A       95%         1
 Wereblood                Tmut           0%         N/A       99%         2
 Spider Form              Tmut/Pois      0%         N/A       100%        3
 Summon Ice Beast         Ice/Summ       0%         N/A       100%        4
 Summon Mana Viper        Hex/Summ       0%         N/A       100%        5
 Monstrous Menagerie      Summ           0%         N/A       100%        7


Dungeon Overview and Level Annotations

Branches:
Dungeon (10/15)            Temple (1/1) D:7            Lair (1/6) D:9
    Orc: D:9-12

Altars:
Ashenzari
Cheibriados
Dithmenos
Elyvilon
Fedhas
Gozag
Kikubaaqudgha
Makhleb
Nemelex Xobeh
Okawaru
Qazlal
Ru
Sif Muna
Trog
Vehumet
Xom
Yredelemnul
Zin
The Shining One

Shops:
D:2 *[!?(   D:8 (   D:9 [

Annotations:
D:10 Sonja


Innate Abilities, Weirdness & Mutations

You have a pair of horns on your head.
You reflexively headbutt those who attack you in melee.
You are clumsy. (Dex -2)
[You often lose your temper in combat.]
[Your body often deteriorates upon taking damage.]
[You are extremely frail. (-30% HP)]
[You frequently scream uncontrollably at your foes.]
[Your spells are easier to cast, but less powerful.]


Message History

The thrashing horror tramples you.
* * * LOW HITPOINT WARNING * * *
You stumble backwards!
The wretched star pulses with an eldritch light!
You feel frail.
You feel better.
The thrashing horror closely misses you.
The thrashing horror completely misses you.
The thrashing horror tramples you.
You stumble backwards!
The thrashing horror tramples you.
You hold your ground!
The thrashing horror completely misses you.
The thrashing horror roars!
The thrashing horror tramples you but does no damage.
The thrashing horror closely misses you.
The thrashing horror roars!
The thrashing horror closely misses you.
You furiously retaliate!
You headbutt the thrashing horror.
The thrashing horror completely misses you.
The thrashing horror tramples you!
* * * LOW HITPOINT WARNING * * *
You stumble backwards!
The thrashing horror barely misses you.
The thrashing horror tramples you but does no damage. x2
The thrashing horror completely misses you.
The thrashing horror tramples you!
* * * LOW HITPOINT WARNING * * *
You stumble backwards!
The wretched star pulses with an eldritch light!
You feel yourself wasting away.
You feel your body start to fall apart.
You hit the thrashing horror.
You headbutt the thrashing horror, but do no damage.
The thrashing horror is lightly damaged.
You hit the thrashing horror but do no damage.
You headbutt the thrashing horror, but do no damage.
The thrashing horror is lightly damaged.
The thrashing horror tramples you!
* * * LOW HITPOINT WARNING * * *
Your body deteriorates!
You feel clumsy.
You hold your ground!
The thrashing horror tramples you!
You die...

, ,, # *#.##
........, ** *,
,#.,*#.#.........
, * *
**..*.#.#.........
, * , *,,*
#.##..##. ##..# *
, *,#...*##. # ..#
, * * *
#...##.##### ,*,*
* **,#..#
#.X..#,,* ,* * ,
**.#, ##X#.#*****
, ,*,, ** **.#@###
* **, , * *, * *
#.#....# ,,, ,, *
,* ,,*
,#.##..##.#, ** ,
, * *, *..#
,#..#,* * ,, , * ,
*, ##.,, *..#
**,,, * , ** **
#*, *,.##,** *
,**, **,,,,#,,, ,
, * , , , * , , *,
* ,,* , , , *,,,
** ***,,,,,,,,


You could see a wretched star and 2 thrashing horrors.

Vanquished Creatures
  A hydra (Lair:1)
  Harold (D:7)
  2 two-headed ogres
  A centaur warrior (D:8)
  Pikel (D:7)
  A cyclops (shapeshifter) (D:9)
  A rust devil (Abyss:2)
  Maggie (D:8)
  A cane toad (Lair:1)
  Psyche (D:8)
  A rime drake (Lair:1)
  2 komodo dragons (Lair:1)
  2 trolls
  Prince Ribbit (D:5)
  Sigmund (D:2)
  A shadow (D:8)
  2 wyverns
  2 wraiths (D:9)
  2 basilisks (Lair:1)
  16 yaks
  A neqoxec (Abyss:2)
  A steam dragon (D:8)
  A water moccasin (Lair:1)
  An ice beast (D:7)
  4 orc warriors
  A black bear (shapeshifter) (D:8)
  A black bear (D:5)
  A sky beast (D:6)
  3 ogres
  4 centaurs
  A lemure (D:7)
  A kobold brigand (D:9)
  A gnoll sergeant (D:7)
  2 scorpions (D:4)
  5 bullfrogs
  A water moccasin zombie (D:5)
  A water moccasin skeleton (D:5)
  15 killer bees
  A howler monkey (D:2)
  2 centaur zombies
  A hound (D:6)
  4 orc priests
  2 bullfrog skeletons
  A centaur skeleton (D:7)
  Ijyb (D:5)
  3 orc wizards
  2 iguanas
  Terence (D:3)
  A mummy (D:6)
  2 hound skeletons
  Robin (D:2)
  5 adders
  8 gnolls
  A shadow imp (D:7)
  2 ufetubi (D:4)
  3 worms
  A dart slug (D:1)
  18 orcs
  5 ball pythons
  4 endoplasms
  2 giant cockroaches
  7 goblins
  15 hobgoblins
  8 jackals
  5 quokkas
  5 bats
  3 frilled lizards
  5 kobolds
  5 rats
210 creatures vanquished.

Vanquished Creatures (others)
  A fungus (D:9)
  A lurking horror (Abyss:2)
  7 plants
9 creatures vanquished.

Grand Total: 219 creatures vanquished

Notes
Turn   | Place    | Note
-------+----------+-------------------------------------------
     0 | D:1      | ducksouse the Minotaur Fighter began the quest for the Orb.
     0 | D:1      | Reached XP level 1. HP: 19/19 MP: 0/0
   187 | D:1      | Reached XP level 2. HP: 27/27 MP: 1/1
   889 | D:2      | Found Muetz's General Store.
   893 | D:2      | Reached XP level 3. HP: 33/33 MP: 2/2
   901 | D:2      | Noticed Sigmund
   914 | D:2      | Killed Sigmund
   915 | D:2      | Reached XP level 4. HP: 36/41 MP: 3/3
   915 | D:2      | Reached XP level 5. HP: 41/47 MP: 4/4
   963 | D:2      | Found Riwasene's Antique Weapon Boutique.
   965 | D:2      | Reached skill level 5 in Fighting
   965 | D:2      | Reached skill level 5 in Shields
   965 | D:2      | Noticed Robin
   969 | D:2      | Reached skill level 5 in Armour
  1435 | D:3      | Noticed Terence
  1447 | D:3      | Killed Terence
  1448 | D:3      | Reached XP level 6. HP: 27/56 MP: 5/5
  1614 | D:3      | Found a faded altar of an unknown god.
  1643 | D:3      | Prayed at the altar of an unknown god.
  1643 | D:3      | Became a worshipper of Ashenzari the Shackled
  1843 | D:2      | Killed Robin
  1852 | D:2      | Found Assaivas's Magic Scroll Boutique.
  1889 | D:2      | Bought a scroll of identify for 20 gold pieces
  2065 | D:2      | Found Nisocsi's Distillery.
  2084 | D:2      | Found Gasteu's Antique Armour Shop.
  2861 | D:4      | Noticed an orc warrior
  2880 | D:4      | Killed an orc warrior
  2881 | D:4      | Reached skill level 5 in Long Blades
  2881 | D:4      | Reached XP level 7. HP: 23/62 MP: 6/6
  3730 | D:5      | Entered Level 5 of the Dungeon
  4045 | D:2      | Bought a scroll of enchant armour for 97 gold pieces
  4219 | D:2      | You fall into a shaft and drop 1 floor!
  4561 | D:5      | Reached skill level 1 in Maces & Flails
  4764 | D:5      | Noticed Prince Ribbit
  4781 | D:5      | Killed Prince Ribbit
  4782 | D:5      | Reached XP level 8. HP: 47/71 MP: 7/7
  4952 | D:5      | Noticed Ijyb
  4964 | D:5      | Killed Ijyb
  5237 | D:6      | Found a snail-covered altar of Cheibriados.
  5341 | D:6      | Found a shimmering blue altar of Sif Muna.
  5396 | D:6      | Identified the +4 spear "Killer Klown's Bane" {speed,
                  | Str+2}
  5439 | D:6      | Noticed a two-headed ogre
  5444 | D:6      | Killed a two-headed ogre
  5537 | D:6      | Reached XP level 9. HP: 80/80 MP: 8/8
  5741 | D:7      | Noticed Harold
  5760 | D:7      | Killed Harold
  5772 | D:7      | Noticed Pikel
  6253 | D:7      | Found a sparkling altar of Nemelex Xobeh.
  6263 | D:7      | Reached skill level 5 in Polearms
  6447 | D:7      | Found a staircase to the Ecumenical Temple.
  6463 | Temple   | Entered the Ecumenical Temple
  6637 | D:8      | Noticed Psyche
  6669 | D:8      | Killed Psyche
  6693 | D:8      | Found Ganaisie's Antique Weapon Shoppe.
  6945 | D:8      | Noticed a centaur warrior
  6961 | D:8      | Killed a centaur warrior
  6962 | D:8      | Reached XP level 10. HP: 48/91 MP: 9/9
  7041 | D:8      | Noticed Maggie
  7048 | D:8      | Reached * piety under Ashenzari
  7064 | D:8      | Killed Maggie
  7399 | D:7      | Killed Pikel
  7400 | D:7      | Reached skill level 10 in Armour
  7400 | D:7      | Reached skill level 10 in Shields
  7407 | D:7      | Reached skill level 10 in Fighting
  7737 | D:9      | Found Zegocs's Antique Armour Emporium.
  7773 | D:9      | Found a shimmering altar of Xom.
  8023 | D:9      | Found a staircase to the Lair.
  8085 | D:9      | Reached ** piety under Ashenzari
  8117 | D:9      | Found a shadowy altar of Dithmenos.
  8320 | Lair:1   | Entered Level 1 of the Lair of Beasts
  8426 | Lair:1   | Reached XP level 11. HP: 74/107 MP: 10/10
  8653 | Lair:1   | Noticed a six-headed hydra
  8671 | Lair:1   | Killed a six-headed hydra
  9390 | D:9      | Reached *** piety under Ashenzari
  9400 | D:9      | Identified the +6 dagger of Agony {vorpal, rElec rN+ rCorr}
  9569 | D:9      | Identified a scroll of acquirement
  9599 | D:9      | Acquired a manual of Polearms
  9866 | D:10     | Entered Level 10 of the Dungeon
  9995 | D:10     | Noticed a two-headed ogre
 10016 | D:10     | Killed a two-headed ogre
 10076 | D:10     | Found an iron altar of Okawaru.
 10153 | D:10     | Reached **** piety under Ashenzari
 10311 | D:10     | Noticed Sonja
 10321 | D:10     | Paralysed by Sonja for 3 turns
 10327 | D:10     | Paralysed by Sonja for 4 turns
 10332 | D:10     | Cast into level 2 of the Abyss (Sonja)
 10420 | Abyss:2  | Gained mutation: You are clumsy. (Dex -2) [a neqoxec]
 10452 | Abyss:2  | Noticed a wretched star
 10458 | Abyss:2  | Noticed a thrashing horror
 10460 | Abyss:2  | Noticed a thrashing horror
 10472 | Abyss:2  | HP: 2/79 [thrashing horror (13)]
 10472 | Abyss:2  | Slain by a thrashing horror

Illustrated notes

Levels and vault maps discovered:
D:1:      evilmike_arrival_hilbert_curve, layout_loops_ring
D:2:      layout_rooms, serial_shops, nicolae_shop_overgrown_old_shop,
          nicolae_shop_advertising_works [nicolae_subvault_shop_adworks], shop,
          nicolae_shop_behind_doors, shop, uniq_sigmund, uniq_robin
D:3:      layout_basic, hellmonk_ecumenical_altar_crossroads,
          ebering_dispersal_statue_hall, nicolae_elevator_lobby_plus,
          uniq_terence
D:4:      layout_basic
D:5:      layout_basic, uniq_ijyb, uniq_prince_ribbit1
D:6:      layout_rooms, overflow_temple_1_default, slow_altar_2, fountainhead
D:7:      layout_rooms, old_standard_altar, temple_fountains, uniq_harold,
          uniq_pikel
D:8:      layout_basic, serial_shops, nicolae_shop_crystal,
          hangedman_decor_peaks_small, minmay_diamond_spiral, uniq_maggie,
          uniq_psyche
D:9:      layout_basic, grunt_dithmenos_smoke,
          mainiacjoe_overflow_small_starburst, dpeg_oklobed_lair, serial_shops,
          shop, hex_large
D:10:     layout_basic, lemuel_crystal_altar, eino_jars, uniq_sonja
Temple:   nicolae_temple_x_marks_the_god
Lair:1:   layout_gridlike, infiniplex_staircase_pool_2, serial_bayou_shore_a
Abyss:2:  base:
Lair:1

Skill      XL: |  1  2  3  4  5  6  7  8  9 10 11 |
---------------+----------------------------------+-----
Shields        | 4 5 6 7 9 10 12 | 12.0
Fighting       | 4 5 6 7 9 10 11 | 11.9
Armour         | 4 5 6 7 9 10 12 | 12.0
Long Blades    | 3 4 5 6 |  6.1
Maces & Flails | 2 |  2.9
Polearms       | 3 6 8 9 |  9.7

Action                   |  1- 3 |  4- 6 |  7- 9 | 10-12 || total
-------------------------+-------+-------+-------+-------++-------
Melee: Long sword        |    54 |   104 |    72 |       ||   230
       Headbutt          |    12 |    14 |    50 |   110 ||   186
       Flail             |       |       |     5 |       ||     5
       Spear             |       |       |   150 |   479 ||   629
Throw: Boomerang         |       |       |     1 |       ||     1
Invok: Curse Item        |       |       |     1 |     5 ||     6
Evoke: Wand              |       |       |     6 |     1 ||     7
  Use: Potion            |     1 |     1 |     5 |     4 ||    11
       Scroll            |       |     2 |     5 |     6 ||    13
 Stab: Petrifying        |       |       |     1 |       ||     1
Armor: Scale mail        |    37 |    27 |       |       ||    64
       Chain mail        |       |    53 |     1 |       ||    54
       Plate armour      |       |       |   141 |   109 ||   250
Dodge: Dodged            |    38 |    60 |    70 |   125 ||   293
Block: Buckler           |    18 |    29 |    57 |    80 ||   184

Table legend: (Time is in decaauts)
 A = Elapsed time spent in this place.
 B = Non-inter-level travel time spent in this place.
 C = Inter-level travel time spent in this place.
 D = Time resting spent in this place.
 E = Time spent auto-exploring this place.
 F = Levels seen in this place.
 G = Mean time per level.
                   A        B        C        D        E       F      G
               +--------+--------+--------+--------+--------+-----+--------+
         Total |  10213 |   9906 |    307 |   1571 |   4194 |  13 |  785.6 |
       Dungeon |   9233 |   8965 |    268 |   1448 |   3769 |  10 |  923.3 |
        Temple |     13 |     13 |      0 |      0 |      0 |   1 |   13.0 |
          Lair |    843 |    804 |     39 |     87 |    425 |   1 |  843.0 |
         Abyss |    122 |    122 |      0 |     36 |      0 |   1 |  122.0 |
               +--------+--------+--------+--------+--------+-----+--------+

Top non-repeatable levels by time:
     D:4: 1488 daAuts
     D:3: 1173 daAuts
     D:9: 1151 daAuts
     D:2: 920 daAuts
     D:6: 904 daAuts
     D:1: 903 daAuts
  Lair:1: 843 daAuts
     D:7: 801 daAuts
     D:5: 750 daAuts
     D:8: 723 daAuts
    D:10: 415 daAuts
 Abyss:2: 122 daAuts
  Temple: 13 daAuts
